 Dungeon Sprint DCSS version 0.27-a0-808-g60bc5d92e6 (webtiles) character file.

Game seed: 132998798365358893

219 mhtbhm the Cudgeller (level 5, -4/88 HPs)
             Began as a Troll Berserker on Mar 28, 2021.
             Was an Elder of Trog.
             Slain by a hornet (6 damage)
             ... in the Dungeon (Sprint IX: "|||||||||||||||||||||||||||||").
             The game lasted 00:00:28 (205 turns).

mhtbhm the Cudgeller (Troll Berserker)               Turns: 205, Time: 00:00:29

Health: -4/88      AC:  8    Str: 26    XL:     5   Next: 64%
Magic:  4/4        EV: 11    Int:  3    God:    Trog [****..]
Gold:   0          SH:  0    Dex:  9    Spells: 4/4 levels left

rFire    . . .     SeeInvis .   a - +2 morningstar (vorpal)
rCold    . . .     Faith    .   (no shield)
rNeg     . . .     Spirit   .   b - +0 animal skin
rPois    .         Reflect  .   (helmet restricted)
rElec    .         Harm     .   (no cloak)
rCorr    .         Rampage  .   (gloves unavailable)
Will     .....     NoTele   +   (boots unavailable)
Stlth    ..........             (no amulet)
HPRegen  1.24/turn              k - +2 ring of protection
MPRegen  0.09/turn              l - +2 ring of protection

@: berserking (expiring), lethally poisoned (-4 -> -5), slowed
A: large, unfitting armour, claws 3, regeneration 1, shaggy fur 1, tough skin 1
a: Renounce Religion, Berserk, Trog's Hand, Brothers in Arms


You were in the Dungeon.
You worshipped Trog.
Trog was greatly pleased with you.
You visited 1 branch

Inventory:

Hand Weapons
 a - a +2 vorpal morningstar (weapon)
Armour
 b - a +0 animal skin (worn)
Jewellery
 k - a +2 ring of protection (left claw)
 l - a +2 ring of protection (right claw)
Wands
 j - a wand of iceblast (10)
Scrolls
 h - 2 scrolls of blinking
Potions
 c - 5 potions of curing
 d - 3 potions of heal wounds
 e - a potion of haste
 f - 4 potions of magic
 g - a potion of berserk rage
 i - a potion of invisibility


   Skills:
 + Level 6.1 Fighting
 + Level 7.4 Maces & Flails
 + Level 5.6 Dodging


You had 4 spell levels left.
You didn't know any spells.
Your spell library was empty.

Dungeon Overview and Level Annotations

Branches:
Dungeon (1/1)

Altars:
Cheibriados
Dithmenos
Elyvilon
Fedhas
Gozag
Hepliaklqana
Kikubaaqudgha
Makhleb
Nemelex Xobeh
Okawaru
Qazlal
Ru
Sif Muna
Trog
Uskayaw
Vehumet
Wu Jian
Xom
Yredelemnul
Zin
The Shining One
Beogh
Jiyva
Lugonu


Innate Abilities, Weirdness & Mutations

You are too large for most types of armour.
You have claws for hands.
Your natural rate of healing is unusually fast.
You are covered in fur. (AC +1)
You have tough skin. (AC +1)


Message History

The orc warrior is severely wounded.
The orc warrior closely misses you.
You closely miss the orc warrior.
The orc warrior is severely wounded.
You thump the orc warrior!
You kill the orc warrior!
Trog accepts your kill.
You can now call in reinforcements.
Your Fighting skill increases to level 6!
Your Maces & Flails skill increases to level 7!
Your Dodging skill increases to level 5!
You have reached level 5!
Unknown command.
You miss the hornet.
The hornet stings you but does no damage.
You barely miss the hornet. The hornet stings you!
* * * LOW HITPOINT WARNING * * *
You are poisoned.
You feel yourself slow down.
You barely miss the hornet.
You feel very sick. The hornet barely misses you.
The hornet closely misses you.
The orc wizard points at itself and mumbles some strange words.
The orc wizard flickers and vanishes!
Deactivating autopickup; reactivate with Ctrl-A.
You barely miss the hornet.
You feel yourself speed up.
You feel sick. The hornet stings you!
* * * LOW HITPOINT WARNING * * *
You feel yourself slow down. The hornet closely misses you.
Unknown command.
You hit the hornet.
The hornet is lightly wounded.
* * * LOW HITPOINT WARNING * * *
You feel sick.
The hornet stings you but does no damage.
Unknown command.
You hit the hornet but do no damage.
The hornet is lightly wounded.
You feel sick. The hornet stings you.
You die...

▓?▓
▓)▓
▓.▓
▓[▓
▓[▓
▓[▓
▓.▓
▓.▓
▓@▓
▓y▓
▓{▓
▓Y▓
▓O▓
▓o▓
▓.▓
▓+▓


You could see a two-headed ogre, a yak, a hornet and an orc warrior.

Vanquished Creatures
  An orc warrior (D)
  A centaur (D)
  A jelly (D)
  An adder (D)
  An adder skeleton (D)
  A bat skeleton (D)
  2 kobolds (D)
  2 bats (D)
  A rat (D)
11 creatures vanquished.

Notes
Turn   | Place    | Note
-------+----------+-------------------------------------------
     0 | D        | mhtbhm the Troll Berserker began the quest for the Orb.
     0 | D        | Reached XP level 1. HP: 22/22 MP: 0/0
    17 | D        | Reached skill level 3 in Maces & Flails
    17 | D        | Reached ** piety under Trog
   121 | D        | Noticed a centaur
   121 | D        | Noticed a jelly
   128 | D        | Killed a centaur
   129 | D        | Reached skill level 5 in Maces & Flails
   129 | D        | Reached XP level 2. HP: 31/33 MP: 1/1
   129 | D        | Reached XP level 3. HP: 38/40 MP: 2/2
   129 | D        | Reached XP level 4. HP: 46/49 MP: 3/3
   130 | D        | Reached *** piety under Trog
   131 | D        | Reached skill level 5 in Fighting
   131 | D        | Reached skill level 6 in Maces & Flails
   146 | D        | Found a snail-covered altar of Cheibriados.
   146 | D        | Found a shadowy altar of Dithmenos.
   146 | D        | Found a white marble altar of Elyvilon.
   146 | D        | Found a blossoming altar of Fedhas.
   146 | D        | Found an opulent altar of Gozag.
   147 | D        | Found a hazy altar of Hepliaklqana.
   148 | D        | Found a viscous altar of Jiyva.
   149 | D        | Found an ancient bone altar of Kikubaaqudgha.
   150 | D        | Found a corrupted altar of Lugonu.
   151 | D        | Found a burning altar of Makhleb.
   152 | D        | Found a sparkling altar of Nemelex Xobeh.
   153 | D        | Found an iron altar of Okawaru.
   154 | D        | Found a stormy altar of Qazlal.
   155 | D        | Found a sacrificial altar of Ru.
   156 | D        | Found a shimmering blue altar of Sif Muna.
   157 | D        | Found a bloodstained altar of Trog.
   158 | D        | Found a hide-covered altar of Uskayaw.
   159 | D        | Found a radiant altar of Vehumet.
   160 | D        | Found an ornate altar of the Wu Jian Council.
   161 | D        | Found a shimmering altar of Xom.
   162 | D        | Found a basalt altar of Yredelemnul.
   163 | D        | Found a glowing silver altar of Zin.
   164 | D        | Found a glowing golden altar of the Shining One.
   193 | D        | Noticed an orc warrior
   193 | D        | Noticed a hornet
   193 | D        | Noticed a yak
   193 | D        | Noticed a two-headed ogre
   193 | D        | Noticed an orc warrior
   199 | D        | Killed an orc warrior
   199 | D        | Reached **** piety under Trog
   200 | D        | Reached skill level 7 in Maces & Flails
   200 | D        | Reached skill level 5 in Dodging
   200 | D        | Reached XP level 5. HP: 27/59 MP: 4/4
   203 | D        | HP: 2/88 [hornet (12)]
   205 | D        | Slain by a hornet

Illustrated notes

Levels and vault maps discovered:
D:        linesprint [early_d, line_temple, items_1, d_10, items_2, lair_1,
          lair_end, items_3, orc_1, orc_end, items_4, d_15, swamp_1, shoals_1,
          snake_1, spider_1, d_20, vaults_1, items_5, swamp_end, shoals_end,
          snake_end, spider_end, vaults_end, d_27, items_6, zot_1, zot_end,
          crypt_end, forest_end, elf_end, slime_end, tomb_end, abyss_end,
          pan_hell_end]

Skill      XL: |  1  2  3  4 |
---------------+-------------+-----
Maces & Flails | 5 7 |  7.4
Fighting       | 4 6 |  6.1
Dodging        | 4 5 |  5.6

Action                   |  1- 3 |  4- 6 || total
-------------------------+-------+-------++-------
Melee: Mace              |    28 |    10 ||    38
       Morningstar       |       |    10 ||    10
Invok: Berserk           |     1 |     1 ||     2
Armor: Animal skin       |    13 |     8 ||    21
Dodge: Dodged            |    18 |    10 ||    28

Table legend: (Time is in decaauts)
 A = Elapsed time spent in this place.
 B = Non-inter-level travel time spent in this place.
 C = Inter-level travel time spent in this place.
 D = Time resting spent in this place.
 E = Time spent auto-exploring this place.
 F = Levels seen in this place.
 G = Mean time per level.
                   A        B        C        D        E       F      G
               +--------+--------+--------+--------+--------+-----+--------+
         Total |    216 |    216 |      0 |     89 |      3 |   1 |  216.0 |
       Dungeon |    216 |    216 |      0 |     89 |      3 |   1 |  216.0 |
               +--------+--------+--------+--------+--------+-----+--------+

Top non-repeatable levels by time:
       D: 216 daAuts
